Match 36598082
Unlisted

Match 36598082
End
Selects Airborne Battlegroup
Selects Heavy Machine Gun Paradrop
Heavy Machine Gun Paradrop
Engineer Squad
Construct Weapon Support Center
Mechanized Support Center
Selects Paratrooper Squad Paradrop
Paratrooper Squad Paradrop
Heavy Machine Gun Paradrop
Construct Motor Pool
Bazooka Squad
Paratrooper Squad Paradrop
M3 75 mm Gun Motor Carriage
Construct Tank Depot
Bazooka Squad
Selects Recon Loiter
Selects Supply Drop
Selects Dual P-47 Rocket Strike
M4A1 Sherman Medium Tank
Engineer Squad
M4A1 Sherman Medium Tank
Selects Anti-tank Gun Team Paradrop
Dual P-47 Rocket Strike
M4A1 76mm Conversion
Paratrooper Squad Paradrop
Just Classic.
PiXeL
Zyllen
OMJimas
0
0

Comments sign in to comment!

No comments posted yet!